 Dungeon Crawl Stone Soup version 0.31-a0-1300-gb6740aa4e6 (webtiles) character file.

Game seed: 12709331931182834930

11 grandjackal the Slasher (level 2, 0/25 HPs)
             Began as a Draconian Gladiator on Dec 19, 2023.
             Slain by a black bear (4 damage)
             ... on level 3 of the Dungeon.
             The game lasted 00:01:10 (883 turns).

grandjackal the Slasher (Draconian Gladiator)        Turns: 883, Time: 00:01:10

Health: 0/25       AC:  4    Str: 16    XL:     2   Next: 17%
Magic:  2/2        EV: 12    Int:  8    God:
Gold:   43         SH:  0    Dex: 12    Spells: 1/1 levels left

rFire   . . .        a - +0 long sword
rCold   . . .        (no shield)
rNeg    . . .        (body armour unavailable)
rPois   .            b - +0 hat
rElec   .            (no cloak)
rCorr   .            (no gloves)
SInv    +            (no boots)
Will    .....        (no amulet)
Stlth   +            k - ring of see invisible
HPRegen 0.24/turn    (no ring)
MPRegen 0.08/turn

%: no passive effects
@: no status effects
A: AC +4, unfitting armour, cold-blooded
a: no special abilities


You were on level 3 of the Dungeon.
You visited 1 branch of the dungeon, and saw 4 of its levels.

You collected 43 gold pieces.

Inventory:

Hand Weapons
 a - a +0 long sword (weapon)
 l - a +0 vampiric falchion
Missiles
 d - a javelin
Armour
 b - a +0 hat (worn)
Jewellery
 k - a ring of see invisible (left hand)
Scrolls
 e - a scroll of amnesia {unknown}
 h - a scroll of acquirement {unknown}
 j - a scroll of teleportation {unknown}
 m - a scroll of vulnerability {unknown}
 n - a scroll of revelation {unknown}
Potions
 f - 2 potions of lignification {unknown}
 g - a potion of heal wounds {unknown}
 i - 2 potions of curing {unknown}
 o - 2 potions of invisibility {unknown}


   Skills:
 + Level 2.4 Fighting
 + Level 3.1 Long Blades
 + Level 2.0 Throwing
 + Level 2.8 Dodging


You had one spell level left.
You didn't know any spells.
Your spell library contained the following spells:

 Spells                   Type           Power      Damage    Failure   Level
 Apportation              Tloc           0%         N/A       41%         1
 Summon Small Mammal      Summ           0%         N/A       41%         1
 Jinxbite                 Hex            0%         N/A       54%         2
 Call Canine Familiar     Summ           0%         N/A       78%         3
 Summon Guardian Golem    Hex/Summ       0%         N/A       78%         3
 Alistair's Intoxication  Tmut/Pois      0%         N/A       100%        5


Dungeon Overview and Level Annotations

Branches:
Dungeon (4/15)
 Temple: D:4-7

Altars:

Shops:
D:1 (=!


Innate Abilities, Weirdness & Mutations

Your plain brown scales are hard. (AC +4)
You cannot fit into any form of body armour.
You are cold-blooded and may be slowed by cold attacks.


Message History

There is a stone staircase leading up here.
You climb upwards.
The black bear growls angrily.
There is a stone staircase leading down here.
Okay, then.
Throw: 3 throwing nets
Press: ? - help, Q - select action, (/) - cycle Shift-Dir - straight line, f - black bear
Aim: a black bear (64% to hit)
You throw a throwing net.
The throwing net barely misses the black bear.
Throw: 2 throwing nets
Press: ? - help, Q - select action, (/) - cycle Shift-Dir - straight line, f/p - black bear
Aim: a black bear (64% to hit)
You throw a throwing net.
The throwing net barely misses the black bear.
The black bear bites you. The black bear closely misses you.
The black bear claws you but does no damage.
You hit the black bear.
The black bear is lightly wounded.
The black bear bites you. The black bear claws you. x2
The black bear bites you.
The black bear claws you but does no damage. x2
Throw: throwing net
Press: ? - help, Q - select action, (/) - cycle Shift-Dir - straight line, f/p - black bear
Aim: a black bear (lightly wounded, 64% to hit)
You throw a throwing net.
The throwing net closely misses the black bear.
The black bear closely misses you. The black bear barely misses you.
The black bear misses you.
You hit the black bear.
The black bear is moderately wounded.
The black bear bites you.
* * * LOW HITPOINT WARNING * * *
The black bear claws you but does no damage.
The black bear claws you.
* * * LOW HITPOINT WARNING * * *
You barely miss the black bear.
The black bear is moderately wounded.
The black bear barely misses you. The black bear claws you.
You die...

#########
......h>#
.######@#
#.# #.#
#.# #.#
#.# #.#
#.#


You could see a black bear.

Vanquished Creatures
  3 bats (D:1)
  An endoplasm (D:2)
  A hobgoblin (D:1)
  A kobold (D:2)
  2 ball pythons (D:1)
  2 frilled lizards (D:1)
  2 rats (D:2)
12 creatures vanquished.

Notes
Turn   | Place    | Note
-------+----------+-------------------------------------------
     0 | D:1      | grandjackal the Draconian Gladiator began the quest for the
                  | Orb.
     0 | D:1      | Reached XP level 1. HP: 17/17 MP: 1/1
    54 | D:1      | Found Zaemovurall's Jewellery Shop.
   106 | D:1      | Found a faded altar of an unknown god.
   566 | D:1      | Found Fomnimol's Distillery.
   662 | D:1      | Found Reorued's Weapon Shop.
   772 | D:2      | Reached XP level 2. HP: 25/25 MP: 2/2
   859 | D:2      | You fall into a shaft and drop 2 floors!
   876 | D:3      | Noticed a black bear
   883 | D:3      | Slain by a black bear

Illustrated notes

Levels and vault maps discovered:
D:1:      sevenhm_arrival_forest_fort_small_5, layout_loops_ring,
          shapermc_ecumenical_altar_venn, serial_shops, nicolae_shop_peninsula,
          nicolae_shop_peninsula, shop
D:2:      layout_basic, basic_altar, chequers_avenue, uniq_crazy_yiuf_cottage
D:3:      layout_basic, grunt_temple_overflow_diamond, serial_curves,
          eino_curves_01, eino_curves_02, grunt_decor_fettered
D:4:      layout_cave_pools, mainiacjoe_overflow_boulevard,
          kennysheep_another_room

Skill      XL: |  1 |
---------------+----+-----
Throwing       | 2 |  2.0
Fighting       | |  2.4
Long Blades    | |  3.1
Dodging        | |  2.8

Action                     || total
---------------------------++-------
  Melee: Long sword        ||    36
         Tailslap          ||     2
         Punch             ||     1
  Throw: Throwing net      ||     3
 Armour: Skin              ||    34
  Dodge: Dodged            ||    41

Table legend: (Time is in decaauts)
 A = Elapsed time spent in this place.
 B = Non-inter-level travel time spent in this place.
 C = Inter-level travel time spent in this place.
 D = Time resting spent in this place.
 E = Time spent auto-exploring this place.
 F = Levels seen in this place.
 G = Mean time per level.
                   A        B        C        D        E       F      G
               +--------+--------+--------+--------+--------+-----+--------+
         Total |    899 |    874 |     25 |      0 |    726 |   4 |  224.8 |
       Dungeon |    899 |    874 |     25 |      0 |    726 |   4 |  224.8 |
               +--------+--------+--------+--------+--------+-----+--------+

Top non-repeatable levels by time:
     D:1: 709 daAuts
     D:2: 165 daAuts
     D:4: 16 daAuts
     D:3: 7 daAuts
